 Dungeon Crawl Stone Soup version 0.30-a0-591-g3c58d2bc28 (webtiles) character file.

Game seed: 3876470787136348401

1561 wormed the Changer (level 8, -5/64 HPs)
             Began as an Octopode Transmuter on Jan 5, 2023.
             Was an Initiate of Gozag.
             Killed from afar by Maggie (13 damage)
             ... with a bolt of fire
             ... on level 7 of the Dungeon.
             The game lasted 00:10:04 (6707 turns).

wormed the Changer (Octopode Transmuter)            Turns: 6707, Time: 00:10:04

Health: -5/64      AC:  7    Str:  9    XL:     8   Next: 89%
Magic:  14/14      EV: 11    Int: 17    God:    Gozag
Gold:   695        SH:  0    Dex: 13    Spells: 8/15 levels left

rFire   x . .      SeeInvis .      - Unarmed
rCold   + + +      Faith    .    (shield currently unavailable)
rNeg    . . .      Spirit   .    (helmet currently unavailable)
rPois   +          Reflect  .    f - amulet of magic regeneration
rElec   .          Harm     .    l - ring of wizardry
rCorr   .          Rampage  .    (no ring)
Will    .....                    (no ring)
Stlth   +                        (no ring)
HPRegen 0.30/turn                (no ring)
MPRegen 0.54/turn                (no ring)
                                 (no ring)
                                 (no ring)

@: ice-form, gold aura, hasted, very quick
A: freezing attack, boosted hp, almost no armour, amphibious, 8 rings, large,
(camouflage 1), (gelatinous body 1), (nimble swimmer 1), (tentacles)
a: End Transformation, Renounce Religion, Potion Petition, Call Merchant, Bribe
Branch


You were on level 7 of the Dungeon.
You worshipped Gozag.
Gozag was pleased with you.
You were a creature of crystalline ice.
You visited 2 branches of the dungeon, and saw 8 of its levels.

You collected 819 gold pieces.
You paid 124 gold pieces to Gozag.

Inventory:

Missiles
 b - a throwing net
Jewellery
 f - an amulet of magic regeneration (around neck)
 l - a ring of wizardry (left front paw)
Wands
 k - a wand of paralysis (10)
Scrolls
 c - a scroll of noise
 h - 3 scrolls of butterflies
 j - a scroll of enchant weapon
 o - 2 scrolls of identify
 q - a scroll of teleportation
Potions
 a - a potion of lignification
 d - 2 potions of magic {unknown}
 g - 3 potions of flight {unknown}
 i - 3 potions of curing {unknown}
 m - a potion of resistance {unknown}


   Skills:
 + Level 4.0 Fighting
 + Level 4.4 Dodging
 + Level 4.9 Unarmed Combat
 + Level 4.0 Spellcasting
 * Level 6.2 Transmutations
 + Level 3.8 Ice Magic


You had 8 spell levels left.
You knew the following spells:

 Your Spells              Type           Power      Damage    Failure   Level
a - Ice Form              Ice/Tmut       20%        N/A       9%          4
b - Wereblood             Tmut           24%        N/A       1%          2
c - Beastly Appendage     Tmut           48%        N/A       1%          1

Your spell library contained the following spells:

 Spells                   Type           Power      Damage    Failure   Level
 Spider Form              Tmut/Pois      14%        N/A       5%          3
 Magic Dart               Conj           12%        1d3       6%          1
 Call Imp                 Summ           3%         N/A       10%         2
 Sublimation of Blood     Necr           3%         N/A       10%         2
 Blade Hands              Tmut           12%        N/A       13%         5
 Mephitic Cloud           Conj/Pois/Air  3%         N/A       19%         3
 Iron Shot                Conj/Erth      1%         9d1       100%        6
 Summon Hydra             Summ           1%         N/A       100%        7
 Animate Armour           Summ/Erth      Unusable   N/A       N/A         4

Dungeon Overview and Level Annotations

Branches:
Dungeon (7/15)             Temple (1/1) D:4

Altars:
Ashenzari
Cheibriados
Dithmenos
Elyvilon
Gozag
Hepliaklqana
Kikubaaqudgha
Makhleb
Nemelex Xobeh
Okawaru
Qazlal
Ru
Sif Muna
Trog
Uskayaw
Vehumet
Wu Jian
Xom
Yredelemnul
Zin
The Shining One

Shops:
D:4 !

Annotations:
D:3 1 runed translucent door, Gargob's ghost, weakling HuBe
D:7 Maggie


Innate Abilities, Weirdness & Mutations

You are a creature of crystalline ice.
You have a powerful freezing melee attack.
Your maximum health is increased.
Your armour is entirely melded.
You are incapable of wielding weapons or throwing items.
You cannot wear most types of armour.
You are amphibious.
You can wear up to eight rings at the same time.
((Your skin changes colour to match your surroundings (Stealth+).))
((Your rubbery body absorbs attacks. (AC +1, EV +1)))
((You are camouflaged when in or above water. (Stealth+)))
((You have tentacles for arms and can constrict up to eight enemies at once.))


Message History

Maggie is heavily wounded.
The bullfrog barely misses you. Maggie hits you but does no damage.
You feel much better.
The bullfrog hits you but does no damage.
Maggie hits you with a +0 war axe. The bullfrog barely misses you.
Your magical contamination has completely faded away.
You barely miss Maggie.
Maggie is heavily wounded.
The bullfrog hits you but does no damage.
Maggie points at you and mumbles some strange words.
The bolt of fire hits you! The fire burns you terribly!
You feel yourself speed up. The bullfrog barely misses you.
Maggie hits you with a +0 war axe. The bullfrog barely misses you.
You hit Maggie but do no damage.
Maggie is heavily wounded.
The bullfrog closely misses you. Maggie closely misses you.
You punch Maggie! You freeze Maggie.
Maggie is severely wounded.
You punch Maggie! You freeze Maggie.
Maggie is almost dead.
The bullfrog hits you but does no damage.
Maggie hits you with a +0 war axe!
You punch the bullfrog! You freeze the bullfrog!
The bullfrog is almost dead.
The bullfrog closely misses you.
You barely miss the bullfrog.
The bullfrog is almost dead.
The bullfrog barely misses you. The orc barely misses you.
Maggie points at you and mumbles some strange words.
The bolt of fire hits you!! The fire burns you terribly!
* * * LOW HITPOINT WARNING * * *
You punch the bullfrog!
The bullfrog seems to slow down.
You freeze the bullfrog.
You kill the bullfrog!
You punch the orc! You freeze the orc.
You kill the orc!
Maggie points at you and mumbles some strange words.
The bolt of fire hits you! The fire burns you terribly!
You die...
Your body crumbles into a pile of gold.

##### #
##...##...
##.........
#..Y.......
#.$@$......
#..........
##.........
##...#....
...###.##
##.# .# .#
#


You could see Maggie.

Vanquished Creatures
  Sigmund (D:6)
  A sky beast (D:6)
  2 phantoms (D:4)
  A bullfrog (D:7)
  A necrophage (D:6)
  3 scorpions
  3 jellies
  3 gnoll boudas
  6 hounds
  An orc priest (D:3)
  5 iguanas
  An orc wizard (D:3)
  10 adders
  11 gnolls
  An ufetubus (D:6)
  2 dart slugs
  4 worms
  11 orcs
  5 endoplasms
  4 giant cockroaches
  9 goblins
  12 hobgoblins
  4 jackals (D:1)
  4 kobolds
  8 quokkas
  7 ball pythons
  8 bats
  3 frilled lizards
  11 rats
142 creatures vanquished.

Notes
Turn   | Place    | Note
-------+----------+-------------------------------------------
     0 | D:1      | wormed the Octopode Transmuter began the quest for the Orb.
     0 | D:1      | Reached XP level 1. HP: 13/13 MP: 3/3
    38 | D:1      | Reached XP level 2. HP: 11/18 MP: 3/5
   192 | D:1      | Learned a level 2 spell: Wereblood
   281 | D:1      | Reached XP level 3. HP: 16/23 MP: 2/6
   645 | D:1      | Reached skill level 1 in Ice Magic
  1145 | D:2      | Found a shimmering blue altar of Sif Muna.
  1280 | D:2      | Reached skill level 3 in Transmutations
  1455 | D:2      | Reached XP level 4. HP: 28/28 MP: 1/7
  2212 | D:3      | Found a runed translucent door.
  2212 | D:3      | Noticed an ice beast
  2212 | D:3      | Noticed Gargob's ghost (weakling HuBe)
  2336 | D:3      | Found a sacrificial altar of Ru.
  2349 | D:3      | Reached XP level 5. HP: 23/34 MP: 5/8
  2415 | D:3      | Learned a level 4 spell: Ice Form
  3131 | D:4      | Reached XP level 6. HP: 23/39 MP: 5/9
  3192 | D:4      | Found a staircase to the Ecumenical Temple.
  3201 | Temple   | Entered the Ecumenical Temple
  3237 | Temple   | Became a worshipper of Gozag Ym Sagoz the Greedy
  3724 | D:4      | Found a shimmering blue altar of Sif Muna.
  3739 | D:4      | Reached skill level 4 in Transmutations
  4011 | D:4      | Found Arremp's Distillery.
  4433 | D:4      | Reached XP level 7. HP: 34/45 MP: 11/11
  4689 | D:5      | Entered Level 5 of the Dungeon
  5067 | D:5      | Reached skill level 5 in Transmutations
  5080 | D:5      | Reached XP level 8. HP: 47/52 MP: 13/13
  6194 | D:6      | Noticed Sigmund
  6447 | D:6      | Killed Sigmund
  6448 | D:6      | Reached skill level 6 in Transmutations
  6692 | D:7      | Noticed Maggie
  6707 | D:7      | Killed from afar by Maggie

Illustrated notes

Levels and vault maps discovered:
D:1:      elethiomel_arrival_infinity_welcomes_careful_drivers, layout_rooms,
          minmay_box_of_dots
D:2:      layout_basic, basic_altar
D:3:      layout_basic, nicolae_ru_great_annihilating_truth,
          ebering_ghost_inner_flame
D:4:      minmay_octagon_keep, layout_basic, amcnicky_altar_gilded,
          minmay_temple_entry_junction, serial_shops, shop_coins, minivault_24,
          grunt_ministairs_2
D:5:      layout_basic, minmay_strange_pillars
D:6:      layout_loops_cross, serial_shops, shop, chequers_big_river,
          uniq_crazy_yiuf_cottage, uniq_sigmund
D:7:      layout_rooms, uniq_joseph, uniq_maggie
Temple:   hellmonk_temple_of_storms

Skill      XL: |  1  2  3  4  5  6  7  8 |
---------------+-------------------------+-----
Ice Magic      | 1 2 3 |  3.8
Transmutations | 3 4 5 6 |  6.2
Fighting       | 2 3 4 |  4.0
Dodging        | 3 4 |  4.4
Unarmed Combat | 4 |  4.9
Spellcasting   | 3 4 |  4.0

Action                   |  1- 3 |  4- 6 |  7- 9 || total
-------------------------+-------+-------+-------++-------
Melee: Unarmed           |    88 |   139 |   128 ||   355
       Kick              |    24 |    33 |       ||    57
       Constrict         |    26 |    23 |       ||    49
       Tentacles         |    16 |    17 |       ||    33
       Punch             |     1 |     3 |       ||     4
 Cast: Beastly Appendage |    20 |    24 |       ||    44
       Wereblood         |    13 |    13 |     7 ||    33
       Ice Form          |       |     9 |    16 ||    25
  Use: Scroll            |     2 |     6 |     4 ||    12
       Potion            |       |     1 |     2 ||     3
 Stab: Sleeping          |     6 |     7 |       ||    13
       Paralysed         |       |     1 |       ||     1
Armor: Skin              |     9 |    16 |    46 ||    71
Dodge: Dodged            |    57 |    70 |    91 ||   218

Table legend: (Time is in decaauts)
 A = Elapsed time spent in this place.
 B = Non-inter-level travel time spent in this place.
 C = Inter-level travel time spent in this place.
 D = Time resting spent in this place.
 E = Time spent auto-exploring this place.
 F = Levels seen in this place.
 G = Mean time per level.
                   A        B        C        D        E       F      G
               +--------+--------+--------+--------+--------+-----+--------+
         Total |   6680 |   6441 |    239 |    890 |   4342 |   8 |  835.0 |
       Dungeon |   6634 |   6403 |    231 |    890 |   4324 |   7 |  947.7 |
        Temple |     45 |     37 |      8 |      0 |     18 |   1 |   45.0 |
               +--------+--------+--------+--------+--------+-----+--------+

Top non-repeatable levels by time:
     D:4: 1578 daAuts
     D:3: 1210 daAuts
     D:5: 1202 daAuts
     D:2: 1183 daAuts
     D:1: 970 daAuts
     D:6: 477 daAuts
  Temple: 45 daAuts
     D:7: 11 daAuts
